 Dungeon Crawl Stone Soup version 0.20-a0-1006-ge6c5631 (webtiles) character file.

56 Duffy the Chopper (level 3, 0/32 HPs)
             Began as a Naga Gladiator on Apr 13, 2017.
             Was a Follower of Uskayaw.
             Succumbed to an adder's poison
             ... on level 2 of the Dungeon.
             The game lasted 00:01:35 (1399 turns).

Duffy the Chopper (Naga Gladiator)                  Turns: 1399, Time: 00:01:36

Health: 0/32       AC:  4    Str: 17    XL:     3   Next: 97%
Magic:  3/3        EV:  9    Int:  8    God:    Uskayaw [*.....]
Gold:   139        SH:  0    Dex: 12    Spells: 2/2 levels left

rFire    . . .     SeeInvis +   a - +1 war axe
rCold    . . .     Gourm    .   (no shield)
rNeg     . . .     Faith    .   h - +0 ring mail
rPois    +         Spirit   .   c - +0 helmet
rElec    .         Reflect  .   (no cloak)
rCorr    .         Harm     .   (no gloves)
MR       .....                  (no barding)
Stlth    +.........             (no amulet)
Regen    0.1/turn               (no ring)
MPRegen  0.1/turn               i - ring of flight

@: lethally poisoned (0 -> -9), very slow
A: see invisible, deformed body, poison resistance, slowness 2, slow metabolism
1, spit poison 1, AC +1
a: Spit Poison, Stomp, Renounce Religion, Evoke Flight


You were on level 2 of the Dungeon.
You worshipped Uskayaw.
Uskayaw was noncommittal.
You were not hungry.

You visited 1 branch of the dungeon, and saw 2 of its levels.

You collected 139 gold pieces.

Inventory:

Hand Weapons
 a - a +1 war axe (weapon)
Missiles
 d - 3 throwing nets (quivered)
Armour
 c - a +0 helmet (worn)
 h - a +0 ring mail (worn)
Jewellery
 b - an uncursed ring of ice
 i - a ring of flight (right hand)
Scrolls
 e - a scroll of blinking {unknown}
 g - 2 scrolls of enchant weapon
 j - a scroll of remove curse {unknown}
 k - a scroll of enchant armour {unknown}
 l - 2 scrolls of identify {unknown}
Potions
 n - a potion of degeneration {unknown}
Comestibles
 f - 4 bread rations


   Skills:
 - Level 2.0 Fighting
 + Level 4.7 Axes
 - Level 1.7 Throwing
 - Level 2.4 Dodging


You had 2 spell levels left.
You didn't know any spells.

Dungeon Overview and Level Annotations

Branches:
Dungeon (2/15)

Altars:
Gozag
Uskayaw
Xom


Innate Abilities, Weirdness & Mutations

You cannot wear boots.
Your serpentine skin is tough. (AC +1)
You have supernaturally acute eyesight. (SInv)
Armour fits poorly on your strangely shaped body.
Your system is resistant to poisons. (rPois)
You cover ground very slowly.
You have a slow metabolism.
You can spit poison.


Message History

You barely miss the adder. The adder bites you but does no damage.
You hit the adder but do no damage.
You feel sick. The adder barely misses you. The adder bites you.
You closely miss the adder. The adder bites you but does no damage.
The adder closely misses you.
You barely miss the adder.
You feel sick. The adder closely misses you.
You hit the adder.
The adder is lightly wounded.
The adder bites you but does no damage. x2
You closely miss the adder.
The adder is lightly wounded.
You feel sick. The adder bites you.
You are more poisoned.
The adder poisons you! The adder bites you but does no damage.
You miss the adder. The adder bites you but does no damage.
You barely miss the adder.
You feel sick. The adder barely misses you.
The adder bites you but does no damage.
You hit the adder.
The adder is severely wounded.
You die...

..#
#.###..#
#..## # ###
#......#
#.##
#..###.#
#..## #
#......#
#.%.###
##.#####
###..#. #.#
#.#.# #.#
#.#..
.#.######.#
#.###
.....sS@..#
#.###
##.########
#.... #####


You could see an adder and a giant cockroach.

Vanquished Creatures
  An adder (D:2)
  2 dart slugs
  A leopard gecko (D:2)
  4 giant cockroaches
  6 goblins
  3 hobgoblins
  6 jackals
  A kobold (D:1)
  5 bats
  A frilled lizard (D:2)
  9 rats
39 creatures vanquished.

Notes
Turn   | Place    | Note
-------+----------+-------------------------------------------
     0 | D:1      | Duffy the Naga Gladiator began the quest for the Orb.
     0 | D:1      | Reached XP level 1. HP: 19/19 MP: 1/1
   271 | D:1      | Reached XP level 2. HP: 26/26 MP: 2/2
   861 | D:2      | Reached skill level 4 in Axes
   866 | D:2      | Reached XP level 3. HP: 30/32 MP: 3/3
   952 | D:2      | Found a faded altar of an unknown god.
   952 | D:2      | Found a shimmering altar of Xom.
   958 | D:2      | Found a faded altar of an unknown god.
   961 | D:2      | Found an opulent altar of Gozag.
   962 | D:2      | Found a hide-covered altar of Uskayaw.
   972 | D:2      | Became a worshipper of Uskayaw the Reveler
   972 | D:2      | Reached * piety under Uskayaw
  1396 | D:2      | HP: 1/32 [adder (2)]
  1399 | D:2      | Succumbed to an adder's poison

Vault maps used:
D:1:      onia_arrival_pyramid, minmay_misc_feat_diagonals
D:2:      chequers_temple_overflow_minitemple, chequers_ecumenical_altar_twisty,
          minivault_5

Skill      XL: |  1  2 |
---------------+-------+-----
Axes           | 4 |  4.7
Fighting       | |  2.0
Throwing       | |  1.7
Dodging        | |  2.4

Action                   || total
-------------------------++-------
Melee: War axe           ||   103
 Abil: Spit Poison       ||     7
  Use: Scroll            ||     1
  Eat: Chunk             ||     1
Armor: Leather armour    ||     3
       Ring mail         ||    43
Dodge: Dodged            ||    56
